 Dungeon Crawl Stone Soup version 0.28-a0-664-gc179e30c89 (webtiles) character file.

Game seed: 12241049148821526601

46 BlueGoblin the Sneak (level 3, -3/18 HPs)
             Began as a Spriggan Brigand on Oct 16, 2021.
             Slain by Robin (6 damage)
             ... on level 2 of the Dungeon.
             The game lasted 00:02:35 (1917 turns).

BlueGoblin the Sneak (Spriggan Brigand)             Turns: 1917, Time: 00:02:36

Health: -3/18      AC:  3    Str:  7    XL:     3   Next: 44%
Magic:  4/4        EV: 19    Int: 12    God:
Gold:   32         SH:  5    Dex: 17    Spells: 2/2 levels left

rFire   . . .      SeeInvis +   a - +2 dagger
rCold   + . .      Faith    .   (shield restricted)
rNeg    . . .      Spirit   .   b - +0 robe
rPois   .          Reflect  +   (helmet restricted)
rElec   .          Harm     .   c - +0 cloak
rCorr   .          Rampage  .   (gloves unavailable)
Will    .....                   (boots unavailable)
Stlth   +++.......              i - amulet of reflection
HPRegen 0.06/turn               l - ring of protection from cold
MPRegen 0.09/turn               (no ring)

@: hasted, very quick
A: very small, no large weapons, unfitting armour, see invisible, speed 3
a: no special abilities


You were on level 2 of the Dungeon.
You visited 1 branch of the dungeon, and saw 2 of its levels.

You collected 32 gold pieces.

Inventory:

Hand Weapons
 a - a +2 dagger (weapon)
 j - a +0 short sword of draining
Missiles
 d - 8 poisoned darts (quivered)
 e - 2 curare-tipped darts
 g - 44 bolts
Armour
 b - a +0 robe (worn)
 c - a +0 cloak (worn)
Jewellery
 i - an amulet of reflection (around neck)
 l - a ring of protection from cold (left hand)
Potions
 h - a potion of brilliance {unknown}
 k - a potion of curing {unknown}
 m - a potion of mutation {unknown}


   Skills:
 - Level 1.5 Fighting
 - Level 2.1 Short Blades
 - Level 2.0 Throwing
 * Level 4.6 Dodging
 - Level 5.8 Stealth


You had 2 spell levels left.
You didn't know any spells.
Your spell library was empty.

Dungeon Overview and Level Annotations

Branches:
Dungeon (2/15)

Altars:

Annotations:
D:2 Robin


Innate Abilities, Weirdness & Mutations

You are very small and have problems with some larger weapons.
You are too small for most types of armour.
You have supernaturally acute eyesight. (SInv)
You cover ground extremely quickly. (Speed+++)


Message History

You block the hobgoblin's attack.
You hit the hobgoblin but do no damage.
The hobgoblin is severely wounded.
The hobgoblin no longer looks unusually strong.
You closely miss the hobgoblin.
The hobgoblin is severely wounded.
You block the hobgoblin's attack.
You hit the hobgoblin.
You kill the hobgoblin!
You hit Robin.
Robin is lightly wounded.
Robin throws the goblin at you! The goblin misses you.
You hit Robin.
Robin is moderately wounded.
Robin misses you.
You hit Robin.
Robin is moderately wounded.
You block the goblin's attack. Robin misses you.
You hit Robin but do no damage.
Robin is moderately wounded.
The goblin no longer looks unusually strong.
The goblin misses you.
You hit Robin.
Robin is heavily wounded.
Robin hits you with a +5 club. The goblin misses you.
You hit Robin.
Robin is severely wounded.
Robin barely misses you. The goblin closely misses you.
You hit Robin but do no damage.
Robin is severely wounded.
Robin hits you with a +5 club!
* * * LOW HITPOINT WARNING * * *
The goblin closely misses you.
You are too injured to fight recklessly!
You are too injured to fight recklessly!
You barely miss the goblin. Robin hits you with a +5 club.
* * * LOW HITPOINT WARNING * * *
The goblin closely misses you.
You feel yourself speed up. Robin hits you with a +5 club.
You die...

#.#
#...........
#)#
#.......####
#.#
#.#######
#g# #.# #.#
#.# #g# #.#
#.# #.#
#.#######.#
#)g@g.....#
###########


You could see Robin and a goblin.

Vanquished Creatures
  A worm (D:2)
  A dart slug (D:1)
  2 endoplasms
  2 giant cockroaches (D:1)
  10 goblins
  4 hobgoblins
  3 jackals (D:1)
  3 kobolds (D:1)
  A quokka (D:1)
  2 ball pythons (D:1)
  3 bats (D:1)
  A rat (D:1)
33 creatures vanquished.

Notes
Turn   | Place    | Note
-------+----------+-------------------------------------------
     0 | D:1      | BlueGoblin the Spriggan Brigand began the quest for the
                  | Orb.
     0 | D:1      | Reached XP level 1. HP: 10/10 MP: 2/2
   348 | D:1      | Reached XP level 2. HP: 14/14 MP: 3/3
  1385 | D:1      | Reached XP level 3. HP: 18/18 MP: 4/4
  1885 | D:2      | Noticed Robin
  1917 | D:2      | Slain by Robin

Illustrated notes

Levels and vault maps discovered:
D:1:      lordsloth_arrival_two_stooges, layout_loops_corners, serial_rivers,
          chequers_serial_rivers_large_a, chequers_serial_rivers_marsh,
          chequers_serial_rivers_large_b, chequers_serial_rivers_marsh,
          chequers_serial_rivers_room_b, chequers_serial_rivers_small_a,
          dk_noncrumbling_3, minmay_misc_feat_iff
D:2:      layout_basic, hellmonk_ecumenical_altar_leap_of_faith, uniq_robin

Skill      XL: |  1  2 |
---------------+-------+-----
Dodging        | 2 4 |  4.6
Fighting       | |  1.5
Short Blades   | |  2.1
Throwing       | |  2.0
Stealth        | |  5.8

Action                   || total
-------------------------++-------
Melee: Dagger            ||   115
  Use: Scroll            ||     1
       Potion            ||     1
 Stab: Sleeping          ||     8
       Distracted        ||     1
Armor: Robe              ||     8
Dodge: Dodged            ||    84
Block: Other             ||     7

Table legend: (Time is in decaauts)
 A = Elapsed time spent in this place.
 B = Non-inter-level travel time spent in this place.
 C = Inter-level travel time spent in this place.
 D = Time resting spent in this place.
 E = Time spent auto-exploring this place.
 F = Levels seen in this place.
 G = Mean time per level.
                   A        B        C        D        E       F      G
               +--------+--------+--------+--------+--------+-----+--------+
         Total |   1476 |   1467 |      9 |    306 |    922 |   2 |  738.0 |
       Dungeon |   1476 |   1467 |      9 |    306 |    922 |   2 |  738.0 |
               +--------+--------+--------+--------+--------+-----+--------+

Top non-repeatable levels by time:
     D:1: 1224 daAuts
     D:2: 251 daAuts
